 Dungeon Crawl Stone Soup version 0.21-a0-140-g479285b (webtiles) character file.

28953 Leszczynek the Archer (level 13, -1/114 HPs)
             Began as a Deep Elf Hunter on July 20, 2017.
             Was an Elder of Makhleb.
             Killed from afar by a fire dragon (20 damage)
             ... with a blast of flame
             ... on level 11 of the Dungeon.
             The game lasted 01:10:45 (10644 turns).

Leszczynek the Archer (Deep Elf Hunter)            Turns: 10644, Time: 01:10:46

Health: -1/114     AC: 26    Str: 13    XL:     13   Next: 12%
Magic:  0/27       EV:  2    Int: 20    God:    Makhleb [****..]
Gold:   502        SH:  0    Dex: 15    Spells: 5/12 levels left

rFire    + . .     SeeInvis .   b - +0 scimitar (freeze)
rCold    . . .     Gourm    .   (no shield)
rNeg     + + +     Faith    .   (armour currently unavailable)
rPois    +         Spirit   +   (helmet currently unavailable)
rElec    .         Reflect  .   (cloak currently unavailable)
rCorr    .         Harm     .   (gloves currently unavailable)
MR       +....     NoTele   +   (boots currently unavailable)
Stlth    ++........             h - amulet of guardian spirit
HPRegen  0.69/turn              w - ring of magical power
MPRegen  0.20/turn              y - ring of protection from fire

@: tree-form, very slightly contaminated, invisible
A: clever 1, regeneration 1
a: Minor Destruction, Lesser Servant of Makhleb, Major Destruction, Renounce
Religion


You were on level 11 of the Dungeon.
You worshipped Makhleb.
Makhleb was greatly pleased with you.
You were not hungry.
You were a tree.
You visited 1 branch of the dungeon, and saw 15 of its levels.
You also visited: Bailey.

You collected 726 gold pieces.
You spent 224 gold pieces at shops.

Inventory:

Hand Weapons
 a - a +2 shortbow of freezing
 b - a +0 scimitar of freezing (weapon)
 c - a +2 short sword of venom
 e - a +2 shortbow of flaming
 x - a +0 scimitar of flaming
 M - a +3 longbow
Missiles
 r - 123 arrows
Armour
 g - a +1 ring mail
 o - the +0 leather armour "Voigoahe" (melded) {Str+3 Dex+4 Slay+3}
   (You found it on level 10 of the Dungeon)

   It affects your strength (+3).
   It affects your dexterity (+4).
   It affects your accuracy and damage with ranged weapons and melee attacks
   (+3).
Jewellery
 h - an amulet of guardian spirit (around neck)
 l - an uncursed ring of wizardry
 q - an uncursed ring of ice
 w - a ring of magical power (left branch)
 y - a ring of protection from fire (right branch)
 B - an uncursed ring of flight
 C - a +2 ring of strength
Wands
 i - a wand of iceblast (0/15)
 A - a wand of confusion (24/48)
 F - a wand of flame (22/48)
Scrolls
 f - 2 scrolls of teleportation
 n - a scroll of remove curse {@r2}
 D - 3 scrolls of identify {@r1}
 E - 3 scrolls of fear
 J - 2 scrolls of enchant armour
Potions
 p - 2 potions of mutation {!q}
 s - 2 potions of haste
 u - a potion of curing {@q1}
 z - a potion of magic
 H - a potion of lignification {!q}
 I - a potion of agility
Books
 G - a book of Debilitation

   Spells                             Type                      Level
   a - Corona                         Hexes                        1
   b - Slow                           Hexes                        2
   c - Inner Flame                    Hexes/Fire                   3
   d - Portal Projectile              Hexes/Translocation          3
   e - Cause Fear                     Hexes                        4
   f - Leda's Liquefaction            Hexes/Earth                  4
 L - the Catalogue of the Icy Traveller
   (You found it in a bailey)

   Spells                             Type                      Level
   a - Shroud of Golubria             Charms/Translocation         2
   b - Throw Frost                    Conjuration/Ice              2
   c - Passage of Golubria            Translocation                4
   d - Dispersal                      Translocation                6
Comestibles
 d - 8 bread rations
 j - 12 royal jellies
 k - 7 chunks of flesh
 m - 12 fruits
 v - 5 meat rations


   Skills:
 * Level 7.5 Fighting
 - Level 2.1(5.4) Short Blades
 - Level 7.2(7.4) Long Blades
 * Level 14.9 Bows
 - Level 13.0 Dodging
 - Level 1.2 Stealth
 + Level 2.9 Translocations
 - Level 5.0 Invocations
 - Level 0.4 Evocations


You had 5 spell levels left.
You knew the following spells:

 Your Spells              Type           Power        Failure   Level  Hunger
c - Portal Projectile     Hex/Tloc       #.....       32%         3    ####...
d - Passage of Golubria   Tloc           N/A          50%         4    #####..


Dungeon Overview and Level Annotations

Branches:
Dungeon (15/15)              Lair (0/6) D:9
 Temple: D:4-7          Orc: D:9-12      Vaults: D:13-14     Depths: D:15

Altars:
Ashenzari
Elyvilon
Fedhas
Makhleb
Ru
Wu Jian
The Shining One

Shops:
D:5 =   D:7 (   D:10 (

Annotations:
D:2 Robin, Sigmund
D:3 Ijyb
D:5 Blork the orc
D:6 ogre, orc w 2, f
D:8 Gastronok
D:9 hell hound lair
D:12 Rupert
D:14 vaults, Azrael
D:15 exclusion: Roxanne, Roxanne


Innate Abilities, Weirdness & Mutations

Your mind is acute. (Int +2)
Your natural rate of healing is unusually fast.


Message History

The fire dragon bites you.
* * * LOW HITPOINT WARNING * * *
The fire dragon claws you but does no damage.
The fire dragon tramples you but does no damage.
Your ynoxinul hits the fire dragon but does no damage.
A red ugly thing comes into view.
The red ugly thing gurgles horribly!
You slash the fire dragon! You freeze the fire dragon.
The fire dragon is almost dead.
The red ugly thing trunk-slaps your ynoxinul but does no damage.
Unknown command.
The fire dragon bites your ynoxinul. The fire dragon claws your ynoxinul!
The fire dragon tramples your ynoxinul.
Your ynoxinul holds its ground!
The red ugly thing trunk-slaps your ynoxinul!
Your ynoxinul is engulfed in flames!!
Your ynoxinul dies!
Unknown command.
The fire dragon breathes flames at you. The blast of flame hits you!
You resist.
You die...

..# #.# ..# ### .# # #.#.
.# #.#..#####W{# ##
#.##.....FK#
.#####.#####'####### ####
.......#........♣#.. #...
.......#.#..####.#.# ...#
.......#.......uD#.##...#
.......######..###).D#
.....†)).().).(..'#..#
######(###.[######...#
######.#.........#.##...#
....##.#.####..#.#.# ...#
....#..#.........#.. #...


You could see a fire dragon and a red ugly thing (wandering).

Vanquished Creatures
  A centaur warrior (D:13)
  Erica (D:9)
  A tengu warrior (D:13)
  3 unseen horrors
  An orc knight (Bailey)
  A wizard (D:11)
  A phantasmal warrior (D:13)
  A wolf spider zombie (D:15)
  A cyclops (D:11)
  An ugly thing (D:11)
  A manticore (D:14)
  A centaur skeleton (D:14)
  An efreet (D:13)
  A yaktaur (D:11)
  A tengu conjurer (D:13)
  A troll (D:11)
  A blink frog (shapeshifter) (D:15)
  A hornet (shapeshifter) (D:15)
  4 hippogriffs
  2 dream sheep (D:9)
  4 wraiths
  A vampire (D:14)
  4 wyverns
  2 yaks (D:9)
  2 hungry ghosts (D:11)
  A hell hound (D:9)
  2 sky beasts
  A black bear (D:7)
  10 orc warriors
  A hornet zombie (D:14)
  2 phantoms
  3 ice beasts
  8 ogres
  A necrophage (D:12)
  3 centaurs
  A wolf (D:7)
  A crocodile (D:14)
  2 big kobolds (D:9)
  13 bullfrogs
  2 wyvern skeletons (D:10)
  5 scorpions
  8 killer bees (D:10)
  3 wights (D:11)
  A howler monkey (D:10)
  9 crimson imps
  A bullfrog zombie (D:10)
  A quasit (D:13)
  4 centaur zombies
  3 hounds
  9 orc wizards
  2 jellies (D:9)
  2 orc priests (D:7)
  2 iguanas
  3 worker ants
  A killer bee zombie (D:7)
  A hound zombie (D:7)
  A hound skeleton (D:11)
  A worker ant zombie (D:11)
  8 gnolls (Bailey)
  14 adders
  3 shadow imps
  2 oozes
  2 worms
  4 leopard geckos
  40 orcs
  5 bats
  3 giant cockroaches
  25 goblins
  24 hobgoblins
  4 kobolds
  2 quokkas
  2 ball pythons
  5 frilled lizards
  A jackal skeleton (D:6)
  2 quokka skeletons
  3 rats
  A plant (D:9)
297 creatures vanquished.

Vanquished Creatures (collateral kills)
  An orc warlord (Bailey)
  A catoblepas (D:14)
  2 two-headed ogres
  A troll (D:11)
  A yak (D:14)
  2 orc warriors (Bailey)
  A centaur (D:11)
  A killer bee (D:11)
  A wight (D:11)
11 creatures vanquished.

Grand Total: 308 creatures vanquished

Notes
Turn   | Place    | Note
-------+----------+-------------------------------------------
     0 | D:1      | Leszczynek the Deep Elf Hunter began the quest for the Orb.
     0 | D:1      | Reached XP level 1. HP: 12/12 MP: 3/3
    24 | D:3      | kek
   148 | D:3      | what can go wrong
   149 | D:4      | Found a white marble altar of Elyvilon.
   294 | D:5      | Entered Level 5 of the Dungeon
   306 | D:3      | Noticed Ijyb
   308 | D:3      | ijyb in red text
   308 | D:3      | that's not something you see often
   308 | D:3      | inb4 oneshot with a wand
   314 | D:4      | Reached XP level 2. HP: 12/16 MP: 4/4
   339 | D:3      | Reached skill level 5 in Bows
   414 | D:4      | Noticed a phantom
   443 | D:6      | ez gam
   473 | D:6      | Found a blossoming altar of Fedhas.
   536 | D:6      | Noticed an ogre
   538 | D:6      | i can't, right?
   543 | D:6      | Killed an ogre
   543 | D:6      | Reached skill level 6 in Bows
   543 | D:6      | Reached XP level 3. HP: 17/20 MP: 5/5
   543 | D:6      | Reached XP level 4. HP: 22/25 MP: 6/6
   544 | D:6      | E A S Y
   564 | D:6      | Noticed an ogre
   564 | D:6      | Noticed an orc warrior
   565 | D:6      | ohhhhhhhhhhhh shit son
   566 | D:6      | Noticed a bullfrog
   566 | D:6      | ooooooops
   568 | D:6      | oh boy i'm so dead
   587 | D:6      | Killed a bullfrog
   587 | D:6      | Reached skill level 7 in Bows
   587 | D:6      | Reached XP level 5. HP: 10/29 MP: 7/7
   588 | D:6      | hm
   589 | D:6      | Noticed an ogre
   591 | D:6      | Noticed a wraith
   592 | D:6      | no nonononono
   594 | D:6      | let's not get that wand now
   641 | D:5      | oh well
   662 | D:5      | Noticed Blork the orc
   663 | D:5      | hmmmm
   722 | D:2      | HP: 5/29 [kobold (4)]
   785 | D:3      | k e k
   787 | D:3      | -3 slay
   928 | D:2      | Noticed Sigmund
   947 | D:1      | back to the roots
   947 | D:1      | arrows plz
  1298 | D:1      | Reached skill level 1 in Long Blades
  1395 | D:2      | Noticed Robin
  1432 | D:2      | Reached XP level 6. HP: 10/34 MP: 5/8
  1446 | D:2      | this is very silly
  2009 | D:3      | Reached skill level 1 in Short Blades
  2134 | D:3      | OK WHERE IS IJYB
  2134 | D:3      | I FEEL READY
  2227 | D:3      | Reached skill level 2 in Short Blades
  2426 | D:3      | can't find her
  2484 | D:4      | ARROWS
  2526 | D:4      | Reached skill level 8 in Bows
  2621 | D:4      | oh shit son
  2639 | D:5      | Found Yriloc's Jewellery Boutique.
  2737 | D:5      | Found a burning altar of Makhleb.
  2745 | D:5      | Became a worshipper of Makhleb the Destroyer
  2854 | D:6      | Reached XP level 7. HP: 38/38 MP: 9/9
  2871 | D:6      | Found a shattered altar of Ashenzari.
  2913 | D:7      | Found Reekhlue's Antique Weapon Boutique.
  2971 | D:6      | A R R O W S
  2993 | D:6      | Reached skill level 9 in Bows
  2998 | D:6      | E A S Y
  3279 | D:7      | Bought a runed scimitar for 224 gold pieces
  3383 | D:7      | Reached skill level 10 in Bows
  3615 | D:5      | Reached XP level 8. HP: 32/43 MP: 10/10
  3801 | D:6      | Reached skill level 2 in Fighting
  3822 | D:6      | Reached skill level 3 in Dodging
  3876 | D:6      | HP: 10/66 [wraith (5)]
  3882 | D:6      | Reached skill level 11 in Bows
  3959 | D:6      | Reached * piety under Makhleb
  4284 | D:8      | Noticed Gastronok
  4396 | D:7      | Gained mutation: Your natural rate of healing is unusually fast. [mutagenic meat]
  4397 | D:7      | Gained mutation: Your body sometimes deteriorates upon taking damage. [mutagenic meat]
  4399 | D:7      | Gained mutation: Your mind is acute. (Int +2) [mutagenic meat]
  4400 | D:7      | Lost mutation: Your body sometimes deteriorates upon taking damage. [mutagenic meat]
  4405 | D:7      | lol regen
  4417 | D:7      | Found a sacrificial altar of Ru.
  4544 | D:7      | Reached skill level 4 in Dodging
  4588 | D:7      | Found a glowing golden altar of the Shining One.
  4616 | D:7      | Noticed a hippogriff
  4629 | D:7      | Killed a hippogriff
  4629 | D:7      | Reached skill level 3 in Fighting
  4629 | D:7      | Reached skill level 2 in Long Blades
  4771 | D:7      | Reached XP level 9. HP: 45/51 MP: 11/11
  5257 | D:7      | Reached skill level 12 in Bows
  5263 | D:7      | Reached skill level 3 in Long Blades
  5630 | D:9      | Reached skill level 4 in Fighting
  5801 | D:10     | Entered Level 10 of the Dungeon
  5845 | D:10     | Reached ** piety under Makhleb
  5884 | D:10     | Got a brightly glowing leather armour
  5897 | D:10     | Identified the cursed +0 leather armour "Voigoahe" {Str+3 Dex+4 Slay+3} (You found it on level 10 of the Dungeon)
  5897 | D:10     | damn
  5932 | D:9      | Reached skill level 4 in Long Blades
  5932 | D:9      | Reached skill level 5 in Dodging
  5948 | D:9      | Noticed Erica
  5949 | D:9      | hmmmmmmmmmm
  6101 | D:10     | Reached skill level 13 in Bows
  6210 | D:9      | Reached XP level 10. HP: 56/56 MP: 12/12
  6288 | D:9      | Reached skill level 6 in Dodging
  6382 | D:9      | Found a staircase to the Lair.
  6479 | D:9      | Killed Erica
  6479 | D:9      | Reached skill level 5 in Long Blades
  6564 | D:10     | ok i'm dead
  6727 | D:10     | Found Fucvod's Antique Weapon Emporium.
  6855 | D:10     | Killed an unseen horror
  6855 | D:10     | Reached skill level 14 in Bows
  6855 | D:10     | Reached skill level 7 in Dodging
  6926 | D:10     | Reached *** piety under Makhleb
  6974 | D:10     | the fuck is this vault
  7057 | D:10     | Reached skill level 1 in Invocations
  7066 | D:10     | some unknown potion
  7066 | D:10     | not worth the problem
  7175 | D:11     | Killed an unseen horror
  7175 | D:11     | Reached skill level 3 in Invocations
  7291 | D:11     | Noticed a two-headed ogre
  7291 | D:11     | Noticed a cyclops
  7293 | D:11     | that was a mistake
  7293 | D:11     | somehow they didn't wake up tho
  7319 | D:11     | Reached skill level 6 in Long Blades
  7369 | D:11     | Noticed a two-headed ogre
  7370 | D:11     | wow this vault is big
  7403 | D:11     | Killed a two-headed ogre
  7403 | D:11     | Reached skill level 4 in Invocations
  7403 | D:11     | Reached XP level 11. HP: 44/61 MP: 16/16
  7417 | D:11     | Reached skill level 8 in Dodging
  7555 | D:11     | Killed an unseen horror
  7615 | D:11     | Noticed an eight-headed hydra
  7656 | D:12     | Found an ornate altar of the Wu Jian Council.
  7685 | D:12     | Reached skill level 5 in Invocations
  7757 | D:12     | Found a flagged portal.
  7780 | D:12     | Noticed a two-headed ogre
  7816 | Bailey   | Entered a bailey
  7940 | Bailey   | Noticed an orc knight
  7973 | Bailey   | Reached **** piety under Makhleb
  8046 | Bailey   | Killed an orc knight
  8261 | Bailey   | Noticed an orc warlord
  8457 | Bailey   | Killed an orc warlord
  8457 | Bailey   | Reached skill level 5 in Fighting
  8516 | Bailey   | Identified the Catalogue of the Icy Traveller
  8523 | Bailey   | yep, exp potion
  8523 | Bailey   | Reached skill level 12 in Dodging
  8523 | Bailey   | Reached XP level 12. HP: 68/68 MP: 17/17
  8580 | D:12     | Killed a two-headed ogre
  8580 | D:12     | Reached skill level 13 in Dodging
  8665 | D:13     | Noticed a centaur warrior
  8686 | D:13     | Killed a centaur warrior
  8686 | D:13     | Reached skill level 7 in Long Blades
  8836 | D:13     | Noticed a centaur warrior
  8836 | D:13     | Noticed a great orb of eyes
  8837 | D:13     | rand ring, charms m
  8847 | D:13     | Noticed a centaur warrior
  9034 | D:14     | Noticed Azrael
  9078 | D:13     | Reached skill level 6 in Fighting
  9135 | D:13     | Noticed a tengu warrior
  9186 | D:13     | Killed a tengu warrior
  9387 | D:15     | Entered Level 15 of the Dungeon
  9623 | D:15     | Noticed Roxanne
  9684 | D:15     | Learned a level 3 spell: Portal Projectile
  9689 | D:15     | Learned a level 4 spell: Passage of Golubria
  9845 | D:14     | Reached skill level 1 in Translocations
  9896 | D:14     | Noticed a catoblepas
  9932 | D:14     | Killed a catoblepas
  9949 | D:14     | Reached skill level 7 in Fighting
 10091 | D:12     | Noticed Rupert
 10100 | D:12     | Noticed a death knight
 10253 | D:11     | Reached XP level 13. HP: 76/76 MP: 18/18
 10343 | D:11     | Reached skill level 2 in Translocations
 10603 | D:11     | Noticed a fire dragon
 10629 | D:11     | HP: 7/76 [fire dragon (9)]
 10640 | D:11     | HP: 22/114 [fire dragon (8)]
 10644 | D:11     | Killed from afar by a fire dragon

Vault maps used:
D:1:      tarquinn_simple_flora_water_b
D:2:      uniq_sigmund, uniq_robin
D:3:      first_bread, uniq_ijyb
D:4:      nicolae_ru_sacrificial_ziggurat, lemuel_round_altar,
          portal_sewer_entry_b, minivault_19
D:5:      lemuel_coloured_pillars_altar, minmay_temple_entry_purple_smoke,
          serial_shops, nicolae_shop_trees, uniq_blork_the_orc
D:6:      old_standard_altar, nicolae_ashenzari_panopticon, lightli_minifort
D:7:      overflow_temple_1_default, basic_altar, serial_shops,
          nicolae_shop_overgrown_old_shop
D:8:      kennysheep_mini, uniq_grum, uniq_gastronok
D:9:      grunt_temple_overflow_open, minmay_lair_entry_lava, hangedman_ranch,
          dk_noncrumbling_2, st_stairs_6, uniq_erica
D:10:     cheibrodos_two_vegetables, serial_shops, nicolae_shop_crystal
D:11:     minmay_the_grid_4x2
D:12:     enter_bailey_2, basic_altar, uniq_rupert
D:13:     minivault_12
D:14:     lightli_vaults_fourway_checkpoint, uniq_azrael
D:15:     grunt_enter_depths_snipers, minmay_door_square, serial_shops, shop,
          uniq_roxanne, uniq_sonja
Bailey:   bailey_axe_minmay_hex_keep, bailey

Skill      XL: |  1  2  3  4  5  6  7  8  9 10 11 12 13 |
---------------+----------------------------------------+-----
Bows           | 6 7 8 10 11 13 14 | 14.9
Long Blades    | 1 2 4 6 7 |  7.2
Short Blades   | 2 |  2.1
Fighting       | 3 4 5 7 |  7.5
Dodging        | 4 5 7 12 13 | 13.0
Invocations    | 4 5 |  5.0
Translocations | 1 2 |  2.9
Stealth        | |  1.2
Evocations     | |  0.4

Action                   |  1- 3 |  4- 6 |  7- 9 | 10-12 | 13-15 || total
-------------------------+-------+-------+-------+-------+-------++-------
Melee: Short sword       |    14 |   301 |    28 |       |       ||   343
       Scimitar          |       |       |   115 |   144 |    19 ||   278
 Fire: Shortbow          |    38 |    51 |   266 |   411 |    67 ||   833
Invok: Lesser Servant of |       |       |       |    13 |     2 ||    15
Evoke: Wand              |       |       |     3 |       |       ||     3
  Use: Scroll            |       |     8 |     7 |    17 |       ||    32
       Potion            |       |     4 |     2 |     5 |     3 ||    14
 Stab: Petrified         |       |       |       |     2 |       ||     2
       Distracted        |       |       |       |     1 |       ||     1
       Invisible         |       |       |       |       |     2 ||     2
  Eat: Chunk             |       |     7 |    13 |    10 |     1 ||    31
       Fruit             |       |       |     3 |     3 |       ||     6
Armor: Leather armour    |     7 |       |     1 |    15 |     3 ||    26
       Ring mail         |       |    83 |    84 |       |       ||   167
       Skin              |       |       |     6 |       |     2 ||     8
Dodge: Dodged            |    10 |   195 |   137 |   211 |    50 ||   603
       Rpst.: Scimitar   |       |       |    32 |    29 |     7 ||    68
